AoeStats
← Huskarls4

Arena

504260968Analyzed
4v4 RM · 2mo ago on Sep 4, 2026· 28m 8s· 8 players
Game mode
Random Map
Map size
Large (8 player)
Population
200
Speed
Normal
Resources
Standard
Victory
Conquest
Starting age
Dark Age
Ending age
Imperial Age
RankedLock teamsTeams togetherTeam positionsShared explorationLock speedFull tech treeHidden civsTurbo modeCheats
Victory
Defeat
🇨🇳 Italians · China
1503
+19
🇨🇳 Cumans · China
1495
+19
🇨🇳 Mongols · China
1470
+20
🇨🇳 Turks · China
1400
+23
vs
🇹🇷 Portuguese · Türkiye
1635
-23
🇹🇼 Franks · Taiwan
1588
-21
🇧🇪 Bohemians · Belgium
1575
-21
🇬🇧 Khmer · United Kingdom
1459
-16
Huskarls4
10:27 Feudal Age
13:37 Castle Age
12:16 Double-Bit Axe
20:36 Light Cavalry
22:00 Scale Barding Armor
24:24 Wheelbarrow
25:34 Stone Mining
28:26 Imperial Age
26:39 Forging
27:04 Bow Saw
27:25 Horse Collar
28:23 Chain Barding Armor
Jhih
10:44 Feudal Age
12:11 Double-Bit Axe
14:59 Castle Age
15:23 Scale Barding Armor
17:33 Bow Saw
20:52 Town Watch
22:22 Husbandry
23:17 Forging
25:38 Wheelbarrow
26:06 Iron Casting
26:21 Gold Mining
Toblerone Order
8:27 Loom
10:14 Feudal Age
9:25 Loom
10:34 Horse Collar
10:40 Double-Bit Axe
11:03 Gold Mining
15:30 Castle Age
16:12 Loom
20:40 Imperial Age
18:55 Stone Mining
22:38 Stone Shaft Mining
25:42 Masonry
25:44 Fortified Wall
26:34 Fletching
27:55 Chemistry
28:00 Ballistics
28:20 Murder Holes
bullseyes
10:30 Feudal Age
14:10 Castle Age
13:04 Double-Bit Axe
13:21 Loom
13:48 Horse Collar
16:12 Town Watch
23:13 Fervor
23:24 Sanctity
25:36 Wheelbarrow
26:15 Bow Saw
26:23 Heavy Plow
29:37 Imperial Age
28:00 Masonry
29:12 Chemistry
小陆别乱撞
9:55 Feudal Age
14:28 Castle Age
12:58 Double-Bit Axe
13:25 Horse Collar
15:33 Fletching
15:46 Padded Archer Armor
16:25 Bow Saw
18:51 Gold Mining
20:46 Bodkin Arrow
22:50 Leather Archer Armor
23:45 Loom
25:04 Ballistics
25:58 Wheelbarrow
28:22 Husbandry
28:32 Bloodlines
幸福人生
10:31 Feudal Age
14:04 Castle Age
12:48 Double-Bit Axe
12:57 Horse Collar
15:03 Bow Saw
15:33 Loom
23:55 Wheelbarrow
25:57 Imperial Age
23:54 Fletching
24:46 Bodkin Arrow
25:17 Gold Mining
27:41 Chemistry
27:25 Bracer
28:38 Ballistics
abc963852741
12:50 Feudal Age
16:28 Castle Age
14:22 Double-Bit Axe
14:31 Gold Mining
21:36 Imperial Age
20:36 Bow Saw
21:14 Fletching
大吉哥哥
8:47 Feudal Age
10:20 Double-Bit Axe
10:17 Horse Collar
19:47 Castle Age
19:10 Scale Barding Armor
20:07 Bloodlines
20:11 Forging
21:56 Chain Barding Armor
21:36 Gold Mining
21:58 Bow Saw
24:28 Wheelbarrow
25:22 Iron Casting
27:52 Hand Cart
Connection lost

Rejoining the realm…

Still unreachable

The connection could not be restored.

Session expired

The server has moved on; the page needs a fresh start.